 Dungeon Crawl Stone Soup version 0.18-a0-739-gdae9da8 (webtiles) character file.

1461 4thArraOfDagon the Basher (level 8, -6/133 HPs)
             Began as an Ogre Hunter on Dec 10, 2015.
             Was an Initiate of Cheibriados.
             Killed by divine providence
             ... invoked by an orc priest
              (14 damage)
             ... on level 8 of the Dungeon.
             The game lasted 00:13:48 (1877 turns).

4thArraOfDagon the Basher (Ogre Hunter)             Turns: 1877, Time: 00:13:48

Health: -6/133     AC: 24    Str: 24      XL:     8   Next: 77%
Magic:  8/8        EV:  1    Int: 13      God:    Cheibriados [......]
Gold:   233        SH:  0    Dex:  7 (11) Spells: 0 memorised, 7 levels left

rFire  + + .     SeeInvis .     k - +0 giant spiked club (flame)
rCold  . . .     Clarity  .     (armour currently unavailable)
rNeg   + + +     SustAt   .     (shield currently unavailable)
rPois  +         Gourm    .     (helmet currently unavailable)
rElec  +         Spirit   .     (cloak currently unavailable)
rCorr  +         Dismiss  .     (gloves unavailable)
rMut   .         NoTele   +     (boots unavailable)
MR     .....                    (no amulet)
Stlth  +.........               (no ring)
                                A - ring of fire (curse)

@: mighty, tree-form, resistant, very slow, not resistant to hostile
enchantments, very unstealthy
A: unfitting armour, (tough skin 0)
a: Bend Time, Renounce Religion


You were on level 8 of the Dungeon.
You worshipped Cheibriados.
Cheibriados was noncommittal.
You were not hungry.
You were a tree.
You visited 1 branch of the dungeon, and saw 8 of its levels.
You also visited: Bailey.

You collected 233 gold pieces.

Inventory:

Hand Weapons
 k - a +0 giant spiked club of flaming (weapon)
 m - a +0 blowgun
 o - a +0 war axe of chopping
 r - a +2 war axe of electrocution
 x - a +0 morningstar
Missiles
 c - 3 large rocks (quivered)
 d - 2 throwing nets
 w - 2 curare-tipped needles
 z - 7 poisoned needles
Armour
 b - a +0 robe (melded)
 j - a +2 cloak (melded)
 p - a +0 cloak of poison resistance
Jewellery
 A - a cursed ring of fire (left branch)
Wands
 B - a wand of disintegration (18)
Scrolls
 v - a scroll of identify {unknown}
 y - a scroll of remove curse {unknown}
Potions
 h - a potion of poison
 i - a potion of resistance
Books
 q - a book of Summonings

   Spells                             Type                      Level
   a - Recall                         Summoning/Translocation      3
   b - Aura of Abjuration             Summoning                    5
   c - Shadow Creatures               Summoning                    5
   d - Summon Demon                   Summoning                    5
   e - Summon Forest                  Summoning/Translocation      5
   f - Summon Mana Viper              Hexes/Summoning              5
Comestibles
 e - 4 bread rations
 g - 4 meat rations
 t - a beef jerky


   Skills:
 + Level 8.3 Fighting
 * Level 10.8 Maces & Flails
 - Level 4.0 Throwing
 + Level 2.0 Dodging
 - Level 0.7 Stealth
 + Level 0.9 Invocations


You had 7 spell levels left.
You didn't know any spells.

Dungeon Overview and Level Annotations

Branches:
Dungeon (8/15)               Lair (0/8) D:8
 Temple: D:4-7

Altars:
Cheibriados

Shops:
D:7 (

Annotations:
D:8 LAIR


Innate Abilities, Weirdness & Mutations

You are too large for most types of armour.
((You have tough skin (AC +1).))


Message History

Something hits you but does no damage.
Unknown command.
Unknown command.
Read which item? (? for menu, Esc to quit)
As you read the scroll labeled NAORIE XESHOEDELO, it crumbles to dust.
You feel a strange sense of stasis.
It was a scroll of teleportation.
The giant frog hits you but does no damage.
The orc warrior hits you but does no damage.
Something hits you but does no damage.
The giant frog hits you but does no damage.
Read which item? (? for menu, Esc to quit)
As you read the scroll labeled SUCYCU HIN TEOLE, it crumbles to dust.
It is a scroll of amnesia.
You feel forgetful for a moment. Something hits you but does no damage.
The orc warrior hits you with a short sword.
* * * LOW HITPOINT WARNING * * *
The giant frog hits you but does no damage.
The orc priest mumbles some strange prayers to Beogh against you.
Something smites you!
You die...

* *,,,,,,,,,,,,,,,,,,,,,,,**,, **
*,,,,...................#*,,
,*****,,,>,..................##..
,,,,,,,,,,,,.........,...........
,,,,,,,,,,,,,.......,,......,#.,.
,,,,**,,,,,..,.....,,,......*#.*#
,,,,,,,,,,....,...,,##.....#*#.##
*,*,**,,,,.[...#S####..#*#.# #...
*,,,******#....#♣##...####.####..
,,,,,,,,,....o.F{o(......).......
***,,,,,,.......o)#.#######....##
**,,,,,,,..........(..#####...?#
**,,,,,,,.........(..........(.#*
,,,,,,,,,............######......
,,,,,,,,,............# ##....##
,,,,,,,,,............# #.....#
,,,,,,,,,............# ##.##..##


You could see an orc warrior, a giant frog, 2 orc priests and an adder.

Vanquished Creatures
  An orc warrior (D:8)
  2 sky beasts
  A black bear (D:6)
  3 ogres
  A big kobold (D:7)
  2 giant frogs
  A scorpion (D:6)
  A centaur zombie (D:8)
  A quasit (D:7)
  2 hounds
  2 jellies
  2 centaur skeletons
  4 crimson imps
  An orc wizard (D:6)
  An iguana (D:7)
  3 orc priests
  A hound skeleton (D:8)
  2 adders
  A shadow imp (D:6)
  2 worms
  2 giant geckos
  17 orcs
  A ball python (D:2)
  A goblin (D:2)
  A hobgoblin (D:2)
  2 quokkas
  2 bats (D:2)
  2 giant cockroaches
  3 giant newts
  6 kobolds (D:7)
  A rat (D:1)
72 creatures vanquished.

Notes
Turn   | Place    | Note
--------------------------------------------------------------
     0 | D:1      | 4thArraOfDagon the Ogre Hunter began the quest for the Orb.
     0 | D:1      | Reached XP level 1. HP: 22/22 MP: 1/1
   216 | D:2      | You fall through a shaft!
   219 | D:3      | Reached XP level 2. HP: 13/32 MP: 2/2
   346 | D:4      | Reached XP level 3. HP: 25/39 MP: 3/3
   370 | D:4      | Reached XP level 4. HP: 34/49 MP: 4/4
   372 | D:4      | Noticed an ogre
   411 | D:4      | Killed an ogre
   411 | D:4      | Reached skill level 5 in Maces & Flails
   411 | D:4      | Reached XP level 5. HP: 44/55 MP: 5/5
   432 | D:5      | Entered Level 5 of the Dungeon
   476 | D:5      | Reached skill level 5 in Fighting
   476 | D:5      | Reached skill level 6 in Maces & Flails
   476 | D:5      | Reached XP level 6. HP: 59/66 MP: 6/6
   788 | D:6      | Reached skill level 7 in Maces & Flails
   888 | D:6      | Reached XP level 7. HP: 72/75 MP: 7/7
   915 | D:6      | uhhh
   925 | D:6      | Reached skill level 8 in Maces & Flails
  1189 | D:7      | Reached skill level 9 in Maces & Flails
  1189 | D:7      | Reached XP level 8. HP: 84/87 MP: 8/8
  1313 | D:7      | Found a flagged portal.
  1322 | Bailey   | Entered a bailey
  1477 | D:7      | Reached skill level 10 in Maces & Flails
  1621 | D:7      | Found Rogioguj's Antique Weapon Shoppe.
  1743 | D:8      | Found a snail-covered altar of Cheibriados.
  1746 | D:8      | Became a worshipper of Cheibriados the Contemplative
  1867 | D:8      | HP: 4/89 [giant frog (3)]
  1877 | D:8      | Killed from afar by an orc priest

Vault maps used:
D:1:      scummos_arrival_simple_crosswalls, minmay_misc_feat_square,
          grunt_decor_arrowhead, minmay_strange_pillars
D:2:      first_bread, uniq_jessica
D:3:      minmay_overflow_temple_star_quad, minmay_misc_feat_rugged,
          uniq_sigmund
D:4:      uniq_crazy_yiuf_cottage
D:5:      minmay_temple_entry_junction
D:7:      serial_shops, shop, enter_bailey_2
D:8:      lemuel_doored_altar, erik_lair_dragon, enter_ossuary_5,
          blue_anna_alchemist
Bailey:   bailey_polearm_5, bailey

Action                   |  1- 3 |  4- 6 |  7- 9 || total
-------------------------+-------+-------+-------++-------
Melee: Short sword       |    39 |       |       ||    39
       Giant spiked club |       |    56 |   138 ||   194
 Fire: Blowgun           |       |       |     2 ||     2
Throw: Large rock        |    10 |    11 |    10 ||    31
       Throwing net      |     1 |     2 |     1 ||     4
  Use: Potion            |       |       |    11 ||    11
       Scroll            |       |       |     6 ||     6
 Stab: Sleeping          |     2 |       |       ||     2
  Eat: Chunk             |       |       |     3 ||     3
       Beef jerky        |       |       |     2 ||     2
